 Dungeon Crawl Stone Soup version 0.28.0-47-ge53b351184 (webtiles) character file.

Game seed: 10008615593433659959

25 GigaChad the Skirmisher (level 2, -1/27 HPs)
             Began as a Minotaur Fighter on May 2, 2022.
             Slain by an orc
             ... wielding a +0 flail
              (8 damage)
             ... on level 2 of the Dungeon.
             The game lasted 00:02:40 (997 turns).

GigaChad the Skirmisher (Minotaur Fighter)           Turns: 997, Time: 00:02:40

Health: -1/27      AC: 11    Str: 20    XL:     2   Next: 82%
Magic:  1/1        EV:  5    Int:  5    God:
Gold:   85         SH:  9    Dex:  9    Spells: 1/1 levels left

rFire   . . .      SeeInvis .   a - +0 long sword
rCold   . . .      Faith    .   c - +0 buckler
rNeg    . . .      Spirit   .   e - +0 plate armour
rPois   .          Reflect  +   (helmet restricted)
rElec   .          Harm     .   (no cloak)
rCorr   .          Rampage  .   (no gloves)
Will    .....                   (no boots)
Stlth   ..........              h - amulet of reflection
HPRegen 0.09/turn               (no ring)
MPRegen 0.07/turn               (no ring)

@: no status effects
A: horns 2, retaliatory headbutt
a: no special abilities


You were on level 2 of the Dungeon.
You visited 1 branch of the dungeon, and saw 2 of its levels.

You collected 85 gold pieces.

Inventory:

Hand Weapons
 a - a +0 long sword (weapon)
Armour
 b - a +0 scale mail
 c - a +0 buckler (worn)
 e - a +0 plate armour (worn)
Jewellery
 h - an amulet of reflection (around neck)
Scrolls
 f - a scroll of teleportation {unknown}
 g - 2 scrolls of enchant weapon {unknown}
 i - 3 scrolls of identify {unknown}
 j - a scroll of holy word {unknown}
Potions
 d - a potion of might
 k - a potion of attraction {unknown}
 l - a potion of invisibility {unknown}


   Skills:
 + Level 4.1 Fighting
 + Level 2.6 Long Blades
 + Level 4.1 Armour
 + Level 4.0 Shields


You had one spell level left.
You didn't know any spells.
Your spell library was empty.

Dungeon Overview and Level Annotations

Branches:
Dungeon (2/15)

Altars:


Innate Abilities, Weirdness & Mutations

You have a pair of horns on your head.
You reflexively headbutt those who attack you in melee.


Message History

The rat is moderately wounded.
The rat bites you but does no damage.
You closely miss the rat.
The rat is moderately wounded.
The rat bites you but does no damage. You block the rat's attack.
You closely miss the rat. You headbutt the rat.
You kill the rat!
Found 14 gold pieces.
You now have 85 gold pieces (gained 14).
You open the door.
There is an open door here.
A kobold comes into view. It is wielding a +0 short sword.
The kobold shouts!
The kobold throws a stone.
The stone hits you.
The kobold throws a stone.
You reflect the stone off an invisible shield around you!
The stone misses the kobold.
You completely miss the kobold. You headbutt the kobold.
You kill the kobold!
Your Shields skill increases to level 4!
Things that are here:
a +0 short sword; 2 stones An orc comes into view.
It is wielding a +0 short sword.
The orc shouts!
The orc moves out of view.
An orc comes into view. It is wielding a +0 flail.
The orc shouts!
An orc priest comes into view. It is wielding a +0 club.
You block the orc's attack.
The orc priest calls down the wrath of Beogh upon you.
Beogh smites you! The orc hits you but does no damage.
You hit the orc but do no damage. The orc hits you but does no damage.
The orc hits you with a +0 flail. The orc hits you with a +0 short sword.
You closely miss the orc. The orc hits you with a +0 flail.
* * * LOW HITPOINT WARNING * * *
The orc hits you but does no damage.
You closely miss the orc. Your headbutt misses the orc.
The orc hits you but does no damage. x2; The orc hits you with a +0 flail!
You die...

#.# #.# ##'## #.#
##...## ##.##
#.....## ###...##
.......## ##......##
........####........#
#.#.#...'.<........##
........####...oo.##
#.#.#..## #...#@.#
......## #.#.##.#
#.#.#.# #.#.# .#
......# # #. .#
#.#.#.# .# ......# ##
.#....# .#...##
.......


You could see 2 orcs.

Vanquished Creatures
  A dart slug (D:2)
  2 ball pythons
  2 endoplasms
  3 giant cockroaches (D:1)
  2 hobgoblins
  A quokka (D:1)
  A bat (D:1)
  5 kobolds
  5 rats
22 creatures vanquished.

Notes
Turn   | Place    | Note
-------+----------+-------------------------------------------
     0 | D:1      | GigaChad the Minotaur Fighter began the quest for the Orb.
     0 | D:1      | Reached XP level 1. HP: 19/19 MP: 0/0
   270 | D:1      | Reached XP level 2. HP: 19/27 MP: 1/1
   997 | D:2      | Slain by an orc

Illustrated notes

Levels and vault maps discovered:
D:1:      dpeg_arrival_fog, layout_rooms
D:2:      layout_loops_corners, shapermc_ecumenical_altar_pompeii,
          glass_columns_c, uniq_crazy_yiuf_cottage, uniq_robin

Skill      XL: |  1  2 |
---------------+-------+-----
Armour         | 4 |  4.1
Fighting       | 4 |  4.1
Shields        | 4 |  4.0
Long Blades    | |  2.6

Action                   || total
-------------------------++-------
Melee: Long sword        ||    46
       Headbutt          ||     7
  Use: Scroll            ||     1
Armor: Plate armour      ||    36
Dodge: Dodged            ||    13
Block: Buckler           ||    28
       Reflection        ||     1
